[Event "Titled Tuesday Blitz May 17 Early 2022"]
[White "Xiong, Jeffery"]
[Black "Ohanyan, Emin"]
[WhiteFideId "2047640"]
[BlackFideId "13312022"]
[WhiteElo "2727"]
[BlackElo "1927"]
[Result "1-0"]
[Round "05"]
[TimeControl "180+1"]
[Date "2022.05.17"]
[WhiteClock "0:00:40"]
[BlackClock "0:00:03"]

1. e4 e5 2. Nf3 Nc6 3. Nc3 Nf6 4. d4 exd4 5. Nxd4 Bb4 6. Nxc6 bxc6 7. Bd3 d5 8. exd5 O-O 9. O-O cxd5 10. h3 c6 11. Qf3 Bd6 12. Bf4 Rb8 13. b3 Rb4 14. Ne2 Re8 15. Rad1 Bxf4 16. Nxf4 Qd6 17. c4 Be6 18. Rfe1 Rb7 19. cxd5 cxd5 20. Bc4 Rbe7 21. Nxd5 Bxd5 22. Rxe7 Qxe7 23. Bxd5 g6 24. Bc4 Kg7 25. g3 Qe5 26. Kg2 Qb2 27. Rd7 Rf8 28. Rxa7 Qd4 29. Re7 h5 30. a4 h4 31. g4 Kh6 32. Rxf7 Rxf7 33. Bxf7 g5 34. Qf5 Qe4+ 35. Qxe4 Nxe4 36. a5 1-0


[Site "https://www.chess.com"]

[Event "Titled Tuesday Blitz May 17 Early 2022"]
[White "Xu, Yi"]
[Black "Chigaev, Maksim"]
[WhiteFideId "8605564"]
[BlackFideId "4108116"]
[WhiteElo "2471"]
[BlackElo "2457"]
[Result "0-1"]
[Round "05"]
[TimeControl "180+1"]
[Date "2022.05.17"]
[WhiteClock "0:00:06"]
[BlackClock "0:00:13"]

1. e4 e5 2. Nf3 Nc6 3. Bc4 Nf6 4. d3 Bc5 5. O-O d6 6. c3 h6 7. Re1 O-O 8. h3 a5 9. Nbd2 a4 10. Bb5 Bd7 11. Nc4 Re8 12. Be3 Bxe3 13. Nxe3 a3 14. b4 Ne7 15. Bc4 Ng6 16. Nf1 c6 17. Bb3 d5 18. Ng3 Be6 19. exd5 Nxd5 20. Qd2 Ndf4 21. Bxe6 Rxe6 22. d4 Qd5 23. dxe5 Qxd2 24. Nxd2 Rxe5 25. Nc4 Rxe1+ 26. Rxe1 Nd5 27. Rc1 Ngf4 28. Ne3 Nxe3 29. fxe3 Nd3 30. Rd1 Nb2 31. Rd7 b5 32. Nf5 Re8 33. Rd6 Re5 34. g4 g6 35. Nd4 Rxe3 36. Rxc6 Re1+ 37. Kf2 Ra1 38. Nxb5 Rxa2 39. Ra6 Nc4+ 40. Kf3 Rh2 41. Nxa3 Rxh3+ 42. Ke4 Rxc3 43. Nb5 Rb3 44. Ra4 Nb6 45. Nd4 Rg3 46. Ra8+ Nxa8 0-1


[Site "https://www.chess.com"]

[Event "Titled Tuesday Blitz May 17 Early 2022"]
[White "Yeletsky, Ivan"]
[Black "Moksh Amit Doshi"]
[WhiteFideId "24180327"]
[BlackFideId "25064967"]
[WhiteElo "2319"]
[BlackElo "2245"]
[Result "1-0"]
[Round "05"]
[TimeControl "180+1"]
[Date "2022.05.17"]
[WhiteClock "0:01:07"]
[BlackClock "0:00:46"]

1. c4 Nf6 2. Nc3 e5 3. g3 Bb4 4. Bg2 Bxc3 5. dxc3 O-O 6. e4 d6 7. Qe2 a5 8. Nh3 Na6 9. O-O Nc5 10. f3 a4 11. Nf2 Be6 12. f4 exf4 13. gxf4 Re8 14. Be3 c6 15. Rad1 Qe7 16. Bxc5 dxc5 17. e5 Bf5 18. Nh1 Bg4 19. Bf3 Bxf3 20. Rxf3 Nd7 21. Ng3 Qe6 22. Ne4 f6 23. Qg2 fxe5 24. Rxd7 1-0


[Site "https://www.chess.com"]

[Event "Titled Tuesday Blitz May 17 Early 2022"]
[White "Abdrlauf, Elham"]
[Black "Salem, A.R. Saleh"]
[WhiteFideId "1533533"]
[BlackFideId "9301348"]
[WhiteElo "2371"]
[BlackElo "2679"]
[Result "0-1"]
[Round "06"]
[TimeControl "180+1"]
[Date "2022.05.17"]
[WhiteClock "0:00:09"]
[BlackClock "0:00:18"]

1. e4 c5 2. Nf3 d6 3. d4 cxd4 4. Nxd4 Nf6 5. Nc3 a6 6. Bc4 e6 7. Bb3 b5 8. f4 b4 9. Na4 Qc7 10. O-O Be7 11. e5 dxe5 12. fxe5 Qxe5 13. Bf4 Qe4 14. Qd2 O-O 15. Rae1 Qb7 16. Rf3 Rd8 17. Rd3 Nd5 18. Nf5 Nc6 19. Bh6 exf5 20. Bxd5 Rxd5 21. Rxd5 Be6 22. Rd3 gxh6 23. Qxh6 f4 24. Qxf4 Kh8 25. Rg3 Rg8 26. Rxg8+ Kxg8 27. b3 Qd7 28. h3 Qd4+ 29. Qxd4 Nxd4 30. c3 bxc3 31. Nxc3 Bb4 32. Re3 Bxc3 33. Kf2 Bb4 34. Re4 Bc5 35. Ke3 Nxb3+ 36. Kd3 Bf5 37. axb3 Bb6 38. g4 Bg6 39. h4 h6 0-1


[Site "https://www.chess.com"]

[Event "Titled Tuesday Blitz May 17 Early 2022"]
[White "Aghasiyev, Kamal"]
[Black "Krishna, C R G"]
[WhiteFideId "13402854"]
[BlackFideId "5018625"]
[WhiteElo "2210"]
[BlackElo "2332"]
[Result "0-1"]
[Round "06"]
[TimeControl "180+1"]
[Date "2022.05.17"]
[WhiteClock "0:00:05"]
[BlackClock "0:00:36"]

1. d4 d5 2. c4 c6 3. Nf3 Nf6 4. e3 Bf5 5. Nc3 a6 6. Be2 e6 7. O-O h6 8. a4 a5 9. Bd2 Na6 10. Ne5 Be7 11. f4 Ne4 12. Nxe4 Bxe4 13. Bf3 Bh7 14. cxd5 cxd5 15. Qe2 O-O 16. Bc3 Nb4 17. Rfd1 Rc8 18. Bxb4 Bxb4 19. Nd3 Bd6 20. e4 dxe4 21. Bxe4 Bxe4 22. Qxe4 Qb6 23. Kh1 Rfd8 24. f5 exf5 25. Qxf5 Qxd4 26. Rf1 Rc7 27. b3 Bxh2 28. Kxh2 Qxd3 29. Qxa5 Qd6+ 30. Kh1 Rc5 31. Rad1 Rxa5 0-1


[Site "https://www.chess.com"]

[Event "Titled Tuesday Blitz May 17 Early 2022"]
[White "Andreikin, Dmitry"]
[Black "Visakh N R"]
[WhiteFideId "4158814"]
[BlackFideId "25012223"]
[WhiteElo "2736"]
[BlackElo "2448"]
[Result "1-0"]
[Round "06"]
[TimeControl "180+1"]
[Date "2022.05.17"]
[WhiteClock "0:01:26"]
[BlackClock "0:01:28"]

1. d4 Nf6 2. c4 b6 3. Nc3 Bb7 4. a3 e6 5. d5 g6 6. e4 d6 7. Bd3 exd5 8. cxd5 Bg7 9. Nge2 O-O 10. O-O c6 11. dxc6 Nxc6 12. f4 Re8 13. Ng3 Rc8 14. Kh1 Na5 15. f5 Nc4 16. Bxc4 Rxc4 17. fxg6 hxg6 18. Bg5 Re6 19. Nd5 Bxd5 20. exd5 Re5 21. Bxf6 Bxf6 22. Qb3 Rc7 23. Qf3 Bg7 24. Ne4 f5 25. Nc3 Rce7 26. Qg3 Qe8 27. Rad1 Bf6 28. a4 Rh7 29. Nb5 Re3 30. Nxd6 Rxg3 31. Nxe8 Be5 32. Rde1 Re7 33. d6 Rxe8 34. d7 Rd8 35. Rxe5 1-0


[Site "https://www.chess.com"]

[Event "Titled Tuesday Blitz May 17 Early 2022"]
[White "Antipov, Mikhail Al."]
[Black "Vakhlamov, Igor L."]
[WhiteFideId "4107012"]
[BlackFideId "24126748"]
[WhiteElo "2512"]
[BlackElo "2401"]
[Result "0-1"]
[Round "06"]
[TimeControl "180+1"]
[Date "2022.05.17"]
[WhiteClock "0:00:03"]
[BlackClock "0:01:05"]

1. e4 c5 2. Nf3 Nc6 3. Nc3 g6 4. d4 cxd4 5. Nxd4 Bg7 6. Be3 Nf6 7. Bc4 O-O 8. Bb3 a5 9. O-O Nxd4 10. Bxd4 d6 11. Qd3 Bd7 12. a4 Bc6 13. Rfe1 Nd7 14. Bxg7 Kxg7 15. Qd4+ f6 16. Bc4 Qb6 17. Qxb6 Nxb6 18. Bf1 Rfc8 19. Red1 Kf8 20. Rd2 Rc7 21. f3 Rac8 22. Bd3 Bd7 23. Re2 Rc5 24. Kf2 R8c7 25. Ra3 Kg7 26. Ke1 g5 27. Rd2 h5 28. g3 Kh6 29. Kf2 Rc8 30. h4 Bc6 31. f4 gxh4 32. gxh4 Rg8 33. Be2 Nc4 34. Bxc4 Rxc4 35. Kf3 f5 36. Re2 Rg4 37. Ra1 Rxh4 38. Rae1 Rg4 39. Ke3 Bxe4 40. Kd2 Rxf4 41. b3 Rc5 42. Nxe4 Rxe4 43. Rxe4 fxe4 44. Rxe4 Re5 45. Rf4 Kg5 46. Rf8 h4 47. Rb8 h3 48. Rh8 Kg4 0-1


[Site "https://www.chess.com"]

[Event "Titled Tuesday Blitz May 17 Early 2022"]
[White "Chigaev, Maksim"]
[Black "Nakamura, Hikaru"]
[WhiteFideId "4108116"]
[BlackFideId "2016192"]
[WhiteElo "2457"]
[BlackElo "2850"]
[Result "0-1"]
[Round "06"]
[TimeControl "180+1"]
[Date "2022.05.17"]
[WhiteClock "0:00:03"]
[BlackClock "0:00:17"]

1. e4 e5 2. Nf3 Nc6 3. Nc3 Bb4 4. Nd5 Ba5 5. c3 Nf6 6. h3 O-O 7. b4 Bb6 8. Nxb6 axb6 9. d3 d5 10. Qc2 Qd6 11. Be2 Ne7 12. O-O Ng6 13. a4 c6 14. Be3 Qc7 15. Rfe1 h6 16. c4 d4 17. Bd2 c5 18. a5 bxa5 19. bxa5 Bd7 20. Rab1 Bc6 21. Bf1 Ne8 22. Be2 Nd6 23. Nh2 f5 24. exf5 Rxf5 25. Bg4 Rff8 26. Be6+ Kh8 27. Ng4 Rae8 28. Bd5 Bxd5 29. cxd5 h5 30. Nh2 Qf7 31. Nf3 Qxd5 32. Ng5 Nh4 33. f3 Nhf5 34. Rb6 c4 35. dxc4 Nxc4 36. Qd3 Nxb6 37. axb6 g6 38. Bb4 Rf6 39. Ne4 Rxb6 40. Qd2 Kg7 41. Bc5 Rc6 42. Ba3 Rec8 43. Kh2 Rc2 44. Qg5 Qd8 45. Qxd8 Rxd8 46. Ng5 Re8 47. f4 Ne3 0-1


[Site "https://www.chess.com"]

[Event "Titled Tuesday Blitz May 17 Early 2022"]
[White "Druska, Juraj"]
[Black "Bryakin, Mikhail"]
[WhiteFideId "14915650"]
[BlackFideId "4165314"]
[WhiteElo "2369"]
[BlackElo "2417"]
[Result "1-0"]
[Round "06"]
[TimeControl "180+1"]
[Date "2022.05.17"]
[WhiteClock "0:00:55"]
[BlackClock "0:01:26"]

1. e4 e6 2. d4 b6 3. Nf3 Bb7 4. Nc3 Ne7 5. h4 d5 6. Bd3 a6 7. Qe2 Nbc6 8. Bf4 Nb4 9. Rc1 c5 10. dxc5 d4 11. Na4 b5 12. Nb6 Ra7 13. a3 Nbc6 14. b4 Ng6 15. Bg3 h5 16. e5 Nge7 17. Ng5 Nd5 18. Qf3 Ba8 19. Nxe6 Nxe5 20. Bxe5 Qe7 21. Nxd5 Qxe6 22. Nc7+ Rxc7 23. Qxa8+ Rc8 24. Qe4 Be7 25. Bxg7 Rg8 26. Qxe6 fxe6 27. Bxd4 Rxg2 28. Ke2 Rg4 29. Be3 a5 30. Rcg1 axb4 31. Rxg4 hxg4 32. axb4 1-0


[Site "https://www.chess.com"]

[Event "Titled Tuesday Blitz May 17 Early 2022"]
[White "Durarbayli, Vasif"]
[Black "Csonka, Balazs"]
[WhiteFideId "13402935"]
[BlackFideId "742910"]
[WhiteElo "2528"]
[BlackElo "2404"]
[Result "1/2-1/2"]
[Round "06"]
[TimeControl "180+1"]
[Date "2022.05.17"]
[WhiteClock "0:00:06"]
[BlackClock "0:00:05"]

1. d4 d5 2. c4 e6 3. Nc3 a6 4. e4 dxe4 5. Nxe4 Nf6 6. Nxf6+ Qxf6 7. Nf3 Bb4+ 8. Bd2 Bxd2+ 9. Qxd2 b6 10. Ne5 Bb7 11. Be2 O-O 12. O-O Rd8 13. Qe3 Nd7 14. Bf3 Bxf3 15. Nxf3 Nf8 16. Rad1 Ng6 17. Rd2 Rd6 18. Rfd1 Rad8 19. g3 h6 20. Kg2 Ne7 21. b4 Nf5 22. Qe4 Qg6 23. Ne5 Qf6 24. Nc6 Re8 25. a4 Ne7 26. Ne5 Red8 27. Qb7 Nf5 28. Nc6 R8d7 29. c5 bxc5 30. bxc5 Rd5 31. Ne5 Nxd4 32. Rxd4 Qxe5 33. Rxd5 Rxd5 34. Qc8+ Kh7 35. Rf1 a5 36. c6 Qe4+ 37. Kg1 Qe5 38. Qe8 Kg6 39. h4 h5 40. Qc8 Rd4 41. Qb8 Rxa4 42. Qb1+ f5 43. Qb3 Rb4 44. Qf3 Rb6 45. Qg2 Qe4 46. Qh3 Rxc6 47. Rd1 Rd6 48. Rc1 Qe2 49. Qg2 Rd1+ 50. Rxd1 Qxd1+ 51. Kh2 Qd5 52. Qf1 a4 53. Qc1 c6 54. Qg5+ Kf7 55. Qxh5+ Kf8 56. Qh8+ Kf7 57. Qh5+ Ke7 58. Qg5+ Kf8 59. h5 a3 60. h6 gxh6 61. Qf6+ Ke8 62. Qh8+ Ke7 63. Qg7+ Ke8 64. Qg8+ Kd7 65. Qf7+ Kd6 66. Qf8+ Ke5 67. Qxa3 Qd4 68. Kg1 c5 69. Qa5 h5 70. Qc7+ Ke4 71. Qc6+ Qd5 72. Qe8 c4 73. Qxh5 c3 74. Qe2+ Kd4 75. Qc2 Qc4 76. Qd1+ Qd3 77. Qa4+ Kd5 78. Qa5+ Kd4 79. Qb6+ Kd5 80. Qd8+ Ke4 81. Qa8+ Qd5 82. Qa4+ Qd4 83. Qc2+ Ke5 84. Qe2+ Kf6 85. Qh5 c2 86. Qh8+ Kg6 87. Qxd4 c1=Q+ 88. Kg2 Qc6+ 89. Kg1 Qe8 90. Qe5 Qf7 91. Qb8 Qd7 92. Kh2 Qh7+ 93. Kg2 Qd7 94. Qg8+ Kf6 95. Qh8+ Kg6 96. Qg8+ Kf6 97. Kh3 Qd5 98. Qh8+ Kg6 99. Kh2 Qd2 100. Qg8+ Kf6 101. Qf8+ Kg6 102. Qc5 Kf6 103. Kg2 Kg6 104. Qe7 Qd5+ 105. Kh2 Qa2 106. Kg1 Qb1+ 107. Kg2 Qe4+ 108. Kh2 Qe2 109. Qe8+ Kg7 110. Qd7+ Kf6 111. Qd4+ Kf7 112. Kg2 Qa6 113. Kf3 Qc6+ 114. Kf4 Qc1+ 115. Qe3 Qxe3+ 116. Kxe3 Kf6 117. f3 Kg5 118. Kd4 Kf6 119. f4 Kf7 120. Kc5 Ke7 121. Kd4 Kd6 122. Kc4 e5 123. fxe5+ Kxe5 124. Kd3 f4 125. gxf4+ Kxf4 1/2-1/2


[Site "https://www.chess.com"]

[Event "Titled Tuesday Blitz May 17 Early 2022"]
[White "Eynullayev, Atilla"]
[Black "Bluebaum, Matthias"]
[WhiteFideId "13413570"]
[BlackFideId "24651516"]
[WhiteElo "1936"]
[BlackElo "2556"]
[Result "0-1"]
[Round "06"]
[TimeControl "180+1"]
[Date "2022.05.17"]
[WhiteClock "0:00:05"]
[BlackClock "0:00:59"]

1. d4 Nf6 2. c4 e6 3. Nc3 d5 4. cxd5 exd5 5. Bg5 c6 6. e3 h6 7. Bh4 Bf5 8. Qf3 Be6 9. Bxf6 Qxf6 10. Qxf6 gxf6 11. Nge2 a5 12. Ng3 a4 13. Bd3 a3 14. b3 Na6 15. Rc1 Nb4 16. Bb1 Kd7 17. O-O h5 18. h3 Bd6 19. Nf5 Rhg8 20. f3 Rae8 21. Nxd6 Kxd6 22. e4 Bxh3 23. Rf2 Bd7 24. Kh2 h4 25. f4 Rg3 26. e5+ Ke7 27. Ne2 Re3 28. Rc3 Rxc3 29. Nxc3 Rg8 30. Rf3 Bg4 31. Re3 f5 32. Na4 Bd1 33. Nc3 Bc2 34. Bxc2 Nxc2 35. Rd3 Rg4 36. Ne2 Nb4 37. Rd2 Ke6 38. Kh3 f6 39. exf6 Kxf6 40. Rd1 Rg8 41. Ng1 Rg3+ 42. Kh2 Rc3 43. Rd2 Rc1 44. Ne2 Re1 45. Nc3 Rf1 46. Ne2 b6 47. g3 Rf2+ 48. Kh3 hxg3 49. Kxg3 Rf1 50. Nc3 Rc1 51. Ne2 Re1 52. Kf2 Rh1 53. Kg2 Ra1 54. Nc3 Ke6 55. Kf2 Kd6 56. Re2 Rc1 57. Re3 Rc2+ 58. Kf3 Nxa2 0-1


[Site "https://www.chess.com"]

[Event "Titled Tuesday Blitz May 17 Early 2022"]
[White "Garriga Cazorla, Pere"]
[Black "Indjic, Aleksandar"]
[WhiteFideId "32011601"]
[BlackFideId "911925"]
[WhiteElo "2433"]
[BlackElo "2616"]
[Result "1-0"]
[Round "06"]
[TimeControl "180+1"]
[Date "2022.05.17"]
[WhiteClock "0:00:35"]
[BlackClock "0:00:49"]

1. d4 Nf6 2. c4 c5 3. d5 e6 4. Nc3 exd5 5. cxd5 d6 6. e4 g6 7. f4 Bg7 8. Bb5+ Nfd7 9. Bd3 Qh4+ 10. g3 Qd8 11. Nf3 Nb6 12. O-O Bg4 13. Kg2 O-O 14. h3 Bxf3+ 15. Qxf3 Na6 16. a3 c4 17. Bc2 Nc5 18. Be3 Rc8 19. Rad1 Nd3 20. Bxd3 cxd3 21. Rxd3 Nc4 22. Bc1 Qb6 23. Rf2 Rfe8 24. h4 h5 25. g4 hxg4 26. Qxg4 Nxa3 27. h5 Bxc3 28. hxg6 Bg7 29. gxf7+ Kxf7 30. Rg3 Qd4 31. Qg6+ Kf8 32. Qxd6+ Kg8 33. e5 Qe4+ 34. Kh2 Rxc1 35. Rxg7+ Kxg7 36. Rg2+ Qxg2+ 37. Kxg2 Nc4 38. Qd7+ Kf8 39. e6 Rc2+ 40. Kg3 Nd6 41. Qxd6+ Kg8 42. Qd7 1-0


[Site "https://www.chess.com"]

[Event "Titled Tuesday Blitz May 17 Early 2022"]
[White "Jarovinsky, Alexey"]
[Black "Demchenko, Anton"]
[WhiteFideId "14115131"]
[BlackFideId "4160258"]
[WhiteElo "2446"]
[BlackElo "2539"]
[Result "0-1"]
[Round "06"]
[TimeControl "180+1"]
[Date "2022.05.17"]
[WhiteClock "0:01:04"]
[BlackClock "0:01:41"]

1. Nc3 Nf6 2. e4 e5 3. f4 d5 4. fxe5 Nxe4 5. Qf3 Nc6 6. Bb5 Nxc3 7. dxc3 Qh4+ 8. g3 Qe4+ 9. Qxe4 dxe4 10. Ne2 Bd7 11. Bxc6 Bxc6 12. Be3 O-O-O 13. Rf1 Bd5 14. b3 Be7 15. c4 Be6 16. Nd4 Bb4+ 17. Kf2 Bh3 18. Rfd1 Bg4 19. Ne2 Rxd1 20. Rxd1 Re8 21. Bd4 Rd8 0-1


[Site "https://www.chess.com"]

[Event "Titled Tuesday Blitz May 17 Early 2022"]
[White "Kamsky, Gata"]
[Black "Zavgorodniy, Sergiy"]
[WhiteFideId "2000024"]
[BlackFideId "14110148"]
[WhiteElo "2645"]
[BlackElo "2420"]
[Result "1-0"]
[Round "06"]
[TimeControl "180+1"]
[Date "2022.05.17"]
[WhiteClock "0:00:42"]
[BlackClock "0:00:01"]

1. e4 e5 2. Nf3 d6 3. Bc4 Be7 4. d4 exd4 5. Nxd4 Nf6 6. Nc3 O-O 7. O-O c6 8. Re1 b5 9. Bd3 a6 10. Bg5 c5 11. Nf5 Bxf5 12. exf5 d5 13. Qf3 Nbd7 14. Rad1 d4 15. Bxf6 Nxf6 16. Ne4 c4 17. Bf1 Nxe4 18. Rxe4 Bf6 19. b3 Rc8 20. bxc4 bxc4 21. g4 Qa5 22. h4 Bxh4 23. Rdxd4 Qxa2 24. Rxc4 Rxc4 25. Rxc4 h6 26. Rc7 a5 27. Kg2 Qb2 28. Bc4 Qd4 29. Bb3 a4 30. Rc4 Qxf2+ 31. Qxf2 Bxf2 32. Rxa4 Bh4 33. Ra7 Bf6 34. Rd7 Rc8 35. Bxf7+ Kh8 36. c4 h5 37. gxh5 Kh7 38. Kf3 Kh6 39. Ke4 Kg5 40. Kd5 Ra8 41. c5 Ra1 42. c6 Rd1+ 43. Kc5 Rc1+ 44. Bc4 Be5 45. c7 Bxc7 46. Rxg7+ Kxf5 47. Rxc7 Kg5 48. Rh7 Rh1 49. Bf7 Kf6 50. Bg6 1-0


[Site "https://www.chess.com"]

[Event "Titled Tuesday Blitz May 17 Early 2022"]
[White "Khabinets, Ivan"]
[Black "Petrovskyi, Vadym"]
[WhiteFideId "14115980"]
[BlackFideId "14165210"]
[WhiteElo "2114"]
[BlackElo "2400"]
[Result "1-0"]
[Round "06"]
[TimeControl "180+1"]
[Date "2022.05.17"]
[WhiteClock "0:00:34"]
[BlackClock "0:00:01"]

1. e4 c5 2. Nf3 d6 3. Nc3 Nf6 4. e5 dxe5 5. Nxe5 Nbd7 6. d4 e6 7. Bf4 Be7 8. Be2 O-O 9. O-O Nb6 10. dxc5 Nbd5 11. Nxd5 Nxd5 12. Bg3 Bxc5 13. c4 Nf6 14. Bf3 Bd4 15. Qd2 Qb6 16. Rfd1 Bxe5 17. Bxe5 Nd7 18. Bd4 Qc7 19. Rac1 e5 20. Bc3 Nc5 21. Qe3 f6 22. Bb4 Ne6 23. Bxf8 Nxf8 24. Bd5+ Kh8 25. b4 Ne6 26. Bxe6 Bxe6 27. a3 f5 28. c5 f4 29. Qe4 Re8 30. Rd6 Bb3 31. Qd3 Ba4 32. Re1 Bc6 33. f3 a6 34. Qf5 Qe7 35. Qc2 Qg5 36. Qe2 e4 37. fxe4 Rxe4 38. Rxc6 Rxe2 39. Rc8+ 1-0


[Site "https://www.chess.com"]

[Event "Titled Tuesday Blitz May 17 Early 2022"]
[White "Klekowski, Maciej"]
[Black "Sarana, Alexey"]
[WhiteFideId "1132717"]
[BlackFideId "24133795"]
[WhiteElo "2476"]
[BlackElo "2666"]
[Result "0-1"]
[Round "06"]
[TimeControl "180+1"]
[Date "2022.05.17"]
[WhiteClock "0:00:01"]
[BlackClock "0:00:14"]

1. c4 e6 2. Nf3 d5 3. b3 a5 4. Bb2 a4 5. e3 a3 6. Bc3 Nf6 7. d3 Be7 8. Nbd2 c6 9. Qc2 Na6 10. Rd1 Nb4 11. Qb1 O-O 12. Be2 b5 13. O-O bxc4 14. dxc4 Ba6 15. e4 Qc7 16. Rfe1 Rfe8 17. Bf1 Rad8 18. cxd5 Bxf1 19. Nxf1 cxd5 20. Rc1 Qb7 21. Bxf6 Bxf6 22. e5 Be7 23. Nd4 Qb6 24. Nf3 d4 25. N1d2 d3 26. Rc4 Nc2 27. Ree4 Bb4 28. h4 Rd5 29. g3 Bc5 30. Qf1 Nb4 31. Rxb4 Bxb4 32. Nc4 Qb5 33. Ne3 Rd7 34. h5 h6 35. g4 Be7 36. Nd2 Red8 37. Nec4 Qc5 38. Kg2 Qc6 39. Kg3 Rd4 40. Qe1 Bb4 41. Rxd4 Rxd4 42. Qe3 Qd5 43. f4 Bc5 44. Qf3 g6 0-1


[Site "https://www.chess.com"]

[Event "Titled Tuesday Blitz May 17 Early 2022"]
[White "Kobo, Ori"]
[Black "Wagner, Dennis"]
[WhiteFideId "2812320"]
[BlackFideId "24650684"]
[WhiteElo "2420"]
[BlackElo "2355"]
[Result "1-0"]
[Round "06"]
[TimeControl "180+1"]
[Date "2022.05.17"]
[WhiteClock "0:00:24"]
[BlackClock "0:00:04"]

1. d4 Nf6 2. c4 e6 3. Nc3 Bb4 4. Qc2 c5 5. dxc5 Na6 6. a3 Bxc3+ 7. Qxc3 Nxc5 8. Nf3 O-O 9. b4 Nce4 10. Qd4 d5 11. e3 a5 12. Bb2 axb4 13. axb4 Rxa1+ 14. Bxa1 h6 15. Bd3 dxc4 16. Qxc4 Nd6 17. Qd4 b6 18. O-O Bb7 19. Rd1 Qc7 20. Qf4 Nd5 21. Qd4 f6 22. Qg4 Qf7 23. Bg6 Qc7 24. Qxe6+ Nf7 25. Bb1 Qc6 26. Qf5 Nxb4 27. Qh7# 1-0


[Site "https://www.chess.com"]

[Event "Titled Tuesday Blitz May 17 Early 2022"]
[White "Lazavik, Denis"]
[Black "Xiong, Jeffery"]
[WhiteFideId "13515110"]
[BlackFideId "2047640"]
[WhiteElo "2437"]
[BlackElo "2727"]
[Result "1/2-1/2"]
[Round "06"]
[TimeControl "180+1"]
[Date "2022.05.17"]
[WhiteClock "0:00:04"]
[BlackClock "0:00:04"]

1. d4 d5 2. c4 e6 3. Nf3 dxc4 4. e3 a6 5. Bxc4 Nf6 6. O-O b5 7. Bd3 Bb7 8. Qe2 Nbd7 9. a4 b4 10. e4 Be7 11. Nbd2 O-O 12. e5 Nd5 13. Qe4 g6 14. Qg4 c5 15. Ne4 cxd4 16. Bh6 Re8 17. h4 Qb8 18. Qg3 f5 19. Neg5 Bxg5 20. Bxg5 Nc5 21. Rad1 Nxa4 22. h5 Qc7 23. Bc1 Nc5 24. hxg6 hxg6 25. Ng5 Rac8 26. Bb1 Nd7 27. Nf3 Nf8 28. Bh6 Qh7 29. Bg5 f4 30. Bxf4 Nxf4 31. Qxf4 Bxf3 32. Qxf3 Red8 33. Qe4 Qh6 34. Rd3 Rc1 35. Rfd1 Rxd1+ 36. Rxd1 Rd7 37. Bd3 Rh7 38. Kf1 a5 39. b3 Rc7 40. Bc4 a4 41. Qxd4 a3 42. Qd6 Rf7 43. Bxe6 Nxe6 44. Qxe6 Qh1+ 45. Ke2 Qxg2 46. Qc8+ Kg7 47. Qc5 Qe4+ 48. Kf1 Qh1+ 49. Ke2 Qf3+ 50. Ke1 Qxb3 51. Qd4 Qc3+ 52. Qxc3 bxc3 53. Ra1 Ra7 54. Kd1 Kf7 55. Kc2 Ke6 56. f4 Ra4 57. Kb3 Rxf4 58. Rxa3 Kxe5 59. Ra5+ Kf6 60. Kxc3 Re4 61. Kd3 Re6 62. Ra1 g5 63. Rf1+ Kg6 64. Rg1 Kf5 65. Rf1+ Kg4 66. Rg1+ Kh4 67. Rh1+ Kg3 68. Rg1+ Kf4 69. Rf1+ Kg4 70. Rg1+ Kh5 71. Rh1+ Kg6 72. Rg1 Re5 73. Kd4 Re2 74. Kd3 Re7 75. Kd2 Re5 76. Kd3 Kf5 77. Rf1+ Kg4 78. Rg1+ Kf4 79. Kd4 Re4+ 80. Kd3 Re3+ 81. Kd2 Re5 82. Kd3 g4 83. Rf1+ Kg3 84. Rg1+ Kf3 85. Rf1+ Kg2 86. Rf8 g3 87. Kd2 Kg1 88. Rg8 g2 89. Rh8 Rf5 90. Ke2 Re5+ 91. Kd2 Re7 92. Rh6 Re5 93. Rh8 1/2-1/2


[Site "https://www.chess.com"]

[Event "Titled Tuesday Blitz May 17 Early 2022"]
[White "Liyanage, Ranindu Dilshan"]
[Black "Wagh Suyog"]
[WhiteFideId "9915834"]
[BlackFideId "25071688"]
[WhiteElo "1858"]
[BlackElo "2181"]
[Result "0-1"]
[Round "06"]
[TimeControl "180+1"]
[Date "2022.05.17"]
[WhiteClock "0:00:01"]
[BlackClock "0:00:09"]

1. d4 Nf6 2. Nc3 d5 3. Bf4 e6 4. Nb5 Na6 5. e3 c6 6. Nc3 Nc7 7. Nf3 Nh5 8. Be5 Bd6 9. Bd3 b6 10. g4 Nf6 11. g5 Nh5 12. Nh4 Bxe5 13. Qxh5 g6 14. Qh6 Bd6 15. Bxg6 fxg6 16. Nxg6 hxg6 17. Qxh8+ Kd7 18. Qg7+ Qe7 19. Qxg6 Ba6 20. O-O-O Rf8 21. f4 Bb4 22. Nb1 Be2 23. Rdg1 Bf3 24. c3 Be4 25. Qh6 Bd6 26. g6 Ne8 27. Nd2 Bxh1 28. Rxh1 Qg7 29. Qg5 Rh8 30. h4 Be7 31. Qg3 Rh5 32. Nf3 Bf6 33. Qg4 Qh6 34. Kd2 Ng7 35. Ng5 Bxg5 36. fxg5 Qxg6 37. Qf4 Rh8 38. Qe5 Rf8 39. c4 dxc4 40. Kc3 Qd3+ 41. Kb4 a5+ 42. Ka4 Qc2+ 43. Ka3 Qd3+ 44. Ka4 Rf7 45. g6 c3 46. gxf7 Qc4+ 0-1


[Site "https://www.chess.com"]

[Event "Titled Tuesday Blitz May 17 Early 2022"]
[White "Maghsoodloo, Parham"]
[Black "Tatarinov, Dmitry"]
[WhiteFideId "12539929"]
[BlackFideId "24160067"]
[WhiteElo "2630"]
[BlackElo "2302"]
[Result "1-0"]
[Round "06"]
[TimeControl "180+1"]
[Date "2022.05.17"]
[WhiteClock "0:02:03"]
[BlackClock "0:01:46"]

1. e4 c6 2. d4 d5 3. e5 Bf5 4. h4 h5 5. Nf3 e6 6. Bd3 Ne7 7. Bg5 Qa5+ 8. Nc3 Bxd3 9. Qxd3 Qa6 10. Qd2 Nf5 11. Ne2 c5 12. O-O cxd4 13. Nexd4 Nxd4 14. Nxd4 Nc6 15. Nxc6 Qxc6 16. Rac1 Rc8 17. c4 dxc4 18. Rfd1 Be7 19. Bxe7 Kxe7 20. Qg5+ Kf8 21. Rxc4 Qxc4 22. Rd8+ Rxd8 23. Qxd8# 1-0


[Site "https://www.chess.com"]

[Event "Titled Tuesday Blitz May 17 Early 2022"]
[White "Makarian, Rudik"]
[Black "Bachmann, Axel"]
[WhiteFideId "44105681"]
[BlackFideId "3700488"]
[WhiteElo "2419"]
[BlackElo "2587"]
[Result "1-0"]
[Round "06"]
[TimeControl "180+1"]
[Date "2022.05.17"]
[WhiteClock "0:00:05"]
[BlackClock "0:00:05"]

1. Nf3 Nf6 2. c4 e6 3. d4 Bb4+ 4. Bd2 c5 5. Bxb4 cxb4 6. c5 d6 7. cxd6 Qxd6 8. e3 O-O 9. Bd3 Nc6 10. Nbd2 b6 11. O-O Bb7 12. Qe2 Qe7 13. Nc4 Rac8 14. Rac1 Nd5 15. Nfe5 Nxe5 16. Nxe5 h6 17. Ba6 Nf6 18. Qb5 Nd5 19. Nc6 Bxc6 20. Rxc6 Rxc6 21. Qxc6 Rd8 22. Rc1 e5 23. Rd1 b3 24. a3 exd4 25. Rxd4 Nc7 26. Rxd8+ Qxd8 27. Bf1 Ne6 28. Qc3 Qd1 29. g3 Nc5 30. Kg2 Qc2 31. Qe5 g6 32. Bb5 Ne4 33. Qe8+ Kg7 34. Qe5+ Kg8 35. Qf4 Nc5 36. Be8 f5 37. Bxg6 Qxb2 38. Bxf5 Qf6 39. Qg4+ Kf8 40. h4 b2 41. Bb1 Qc6+ 42. Kh2 Qd5 43. Qf4+ Ke7 44. Qxh6 Qd2 45. Qh7+ Kd6 46. Qf5 Na4 47. h5 Nc3 48. Qd3+ Qxd3 49. Bxd3 Ke5 50. f4+ Kf6 51. g4 b5 52. g5+ Kg7 53. h6+ Kg8 54. g6 a5 55. f5 b1=Q 56. Bxb1 Nxb1 57. f6 Nd2 58. f7+ Kf8 59. h7 Nf3+ 60. Kh1 1-0


[Site "https://www.chess.com"]

[Event "Titled Tuesday Blitz May 17 Early 2022"]
[White "Martinez Alcantara, Jose Eduardo"]
[Black "Sjugirov, Sanan"]
[WhiteFideId "3805662"]
[BlackFideId "4189302"]
[WhiteElo "2690"]
[BlackElo "2602"]
[Result "1/2-1/2"]
[Round "06"]
[TimeControl "180+1"]
[Date "2022.05.17"]
[WhiteClock "0:00:04"]
[BlackClock "0:00:04"]

1. e4 c5 2. Nf3 d6 3. c3 Nf6 4. h3 Nc6 5. Bd3 g6 6. Bc2 Bg7 7. d4 cxd4 8. cxd4 Nb4 9. Ba4+ Bd7 10. Nc3 O-O 11. Bb3 Rc8 12. O-O Nc6 13. Re1 Na5 14. Bc2 Nc4 15. Bd3 a6 16. b3 Na5 17. Bb2 Nc6 18. a3 e5 19. d5 Ne7 20. a4 Bh6 21. a5 Nh5 22. Bc4 Rb8 23. Ba3 Nc8 24. Bb4 Nf4 25. Ne2 Qf6 26. Nxf4 Bxf4 27. Bd2 Ne7 28. Bxf4 Qxf4 29. Qd2 Qxd2 30. Nxd2 Rfd8 31. Rec1 Rbc8 32. f3 Kf8 33. h4 Rc7 34. g3 Be8 35. Bf1 Rdc8 36. Rxc7 Rxc7 37. Nc4 Nc8 38. Kf2 Bb5 39. Rb1 Ke7 40. Ke3 Na7 41. f4 f6 42. Be2 Bd7 43. h5 g5 44. fxg5 fxg5 45. Nb6 Bb5 46. Bc4 Nc8 47. Nxc8+ Rxc8 48. Kd3 Bd7 49. Rf1 h6 50. Ke3 Bg4 51. Rf2 Bd7 52. Rf1 Rb8 53. Ra1 Bg4 54. Be2 Bd7 55. Rc1 Rc8 56. Rxc8 Bxc8 57. b4 Bd7 58. Kf2 Kd8 59. Ke3 Kc7 60. Kd2 Be8 61. Kd3 Bb5+ 62. Ke3 Ba4 63. Kd2 Bd7 64. Kc3 Bc8 65. Kd2 Bd7 66. Kc3 Bc8 67. Kd2 Bd7 1/2-1/2


[Site "https://www.chess.com"]